 Dungeon Crawl Stone Soup version 0.23-a0-650-ga4d50d4d25 (webtiles) character file.

17350 EnegeticOcto the Carver (level 12, -2/97 HPs)
             Began as a Vampire Berserker on Jan 4, 2019.
             Was a High Priest of Trog.
             Slain by a yak (6 damage)
             ... while paralysed
             ... on level 2 of the Lair of Beasts.
             The game lasted 00:32:13 (11213 turns).

EnegeticOcto the Carver (Vampire Berserker)        Turns: 11213, Time: 00:32:14

Health: -2/97      AC: 21    Str: 18    XL:     12   Next: 18%
Magic:  12/12      EV:  2    Int: 11    God:    Trog [*****.]
Gold:   931        SH:  0    Dex: 15    Spells: 11/11 levels left

rFire    + . .     SeeInvis +   a - +3 scimitar (flame)
rCold    . . .     Gourm    .   (no shield)
rNeg     . . .     Faith    .   n - +0 plate armour
rPois    +         Spirit   .   j - +2 helmet of the Maze {rPois}
rElec    .         Reflect  .   (no cloak)
rCorr    .         Harm     .   i - +2 pair of gloves {archery}
MR       +++..                  o - +1 pair of boots
Stlth    ..........             (no amulet)
HPRegen  1.46/turn              E - ring of protection from fire
MPRegen  0.13/turn              (no ring)

@: paralysed, lethally poisoned (-2 -> -2), marked, berserk cooldown,
regenerating, slowed
A: fangs 3, see invisible, unbreathing
a: Berserk, Trog's Hand, Brothers in Arms, Renounce Religion


You were on level 2 of the Lair of Beasts.
You worshipped Trog.
Trog was extremely pleased with you.
You were full.

You visited 2 branches of the dungeon, and saw 14 of its levels.
You also visited: Sewer.

You collected 959 gold pieces.
You spent 28 gold pieces at shops.

Inventory:

Hand Weapons
 a - a +3 scimitar of flaming (weapon)
 l - a +3 dagger of venom
 H - a +4 antimagic scimitar
Missiles
 G - a throwing net (quivered) {!f}
Armour
 i - a +2 pair of gloves of archery (worn)
 j - the +2 helmet of the Maze (worn) {rPois}
   (You took it off Robin on level 2 of the Dungeon)

   It protects you from poison.
 n - a +0 plate armour (worn)
 o - a +1 pair of boots (worn)
Jewellery
 E - a ring of protection from fire (left hand)
Wands
 u - a wand of disintegration (8)
 v - a wand of iceblast (19)
 y - a wand of polymorph (4)
 C - a wand of paralysis (12)
 F - a wand of enslavement (19)
 I - a wand of acid (5)
Scrolls
 b - 2 scrolls of blinking {@r4}
 d - 3 scrolls of remove curse {@r2}
 f - 3 scrolls of noise
 g - 6 scrolls of teleportation {@r3 !r}
 r - 7 scrolls of enchant armour
 t - 3 scrolls of immolation
 x - 3 scrolls of enchant weapon
 z - a scroll of magic mapping {@r5 !r}
 D - a scroll of identify {@r1}
 J - a scroll of fear
 K - a scroll of summoning
Potions
 c - 25 potions of blood
 e - 3 potions of haste {@q4 !q}
 h - 7 potions of curing {@q1}
 k - 3 potions of brilliance
 m - 3 potions of ambrosia
 p - 3 potions of magic
 q - a potion of mutation
 s - 5 potions of agility {@q5 !q}
 w - 4 potions of lignification {@q6 !q}
 A - a potion of might {@q3 !q}
 B - 6 potions of heal wounds {@q2}


   Skills:
 + Level 9.7 Fighting
 - Level 14.0 Long Blades
 + Level 1.3 Throwing
 + Level 6.1 Armour
 + Level 8.1 Dodging


You had 11 spell levels left.
You didn't know any spells.
Your spell library was empty.

Dungeon Overview and Level Annotations

Branches:
Dungeon (11/15)            Temple (0/1) D:6            Lair (3/6) D:10
 Shoals (0/4) Lair:2          Orc (0/2) D:10
  Snake: Lair:2-4    Spider: Lair:2-4

Altars:
Ashenzari
Cheibriados
Elyvilon
Fedhas
Gozag
Hepliaklqana
Kikubaaqudgha
Nemelex Xobeh
Ru
Xom
Yredelemnul
Zin

Shops:
D:5 *


Innate Abilities, Weirdness & Mutations

Your natural rate of healing is unusually fast.
You have razor-sharp teeth.
You have supernaturally acute eyesight. (SInv)
You can survive without breathing.


Message History

The komodo dragon is lightly wounded.
You are no longer berserk.
You pass out from exhaustion.
You feel yourself slow down.
You feel sick.
The komodo dragon bites you but does no damage.
The porcupine bites you but does no damage.
You feel sick. The yak barely misses you. The yak gores you!
* * * LOW HITPOINT WARNING * * *
The yak gores you but does no damage. The porcupine bites you!
* * * LOW HITPOINT WARNING * * *
The komodo dragon bites you but does no damage.
You feel sick. The yak gores you but does no damage. The yak gores you.
* * * LOW HITPOINT WARNING * * *
The yak gores you!
* * * LOW HITPOINT WARNING * * *
The porcupine bites you.
* * * LOW HITPOINT WARNING * * *
The komodo dragon completely misses you.
You feel sick. The yak gores you.
You die...

.......# ##......#
......## #.......#
......# #.......#
......## ##......#
......P# #......#
......#### ####....^.#
.......#P####.........#
.................Y....#
...............r@.....#
...............lYY....#
......................##
........(............P.#
......................P#
......#.###.###P.......##
........# ### ##........#
..)...### #.......###
.......# ##......#


You could see a komodo dragon, 3 yaks and a porcupine.

Vanquished Creatures
  Gastronok (D:9)
  A hydra (Lair:2)
  Erica (D:11)
  A two-headed ogre (D:9)
  An unseen horror (D:10)
  Pikel (D:8)
  A gargoyle (D:7)
  2 spiny frogs (Lair:2)
  3 komodo dragons
  Grinder (D:5)
  A merfolk (Lair:2)
  3 hippogriffs
  A blink frog (Lair:3)
  Prince Ribbit (D:8)
  11 yaks
  A basilisk (Lair:1)
  A hungry ghost (D:9)
  2 water moccasins
  7 orc warriors
  3 porcupines
  3 ice beasts
  2 sky beasts
  6 centaurs
  4 phantoms
  4 ogres
  7 crocodiles
  A big kobold (D:7)
  10 bullfrogs
  A wyvern zombie (D:7)
  A gnoll sergeant (D:7)
  2 scorpions
  3 killer bees (D:10)
  10 wights
  4 crimson imps
  A centaur zombie (D:10)
  2 centaur skeletons (D:10)
  6 hounds
  A gnoll shaman (D:5)
  3 jellies
  4 orc priests
  2 bullfrog skeletons
  2 iguanas
  15 orc wizards
  8 worker ants
  A hound skeleton (D:5)
  Robin (D:2)
  13 adders
  18 gnolls
  2 river rats (D:6)
  2 shadow imps
  An adder zombie (D:9)
  3 worms
  2 dart slugs
  8 leopard geckos
  47 orcs
  4 ball pythons
  11 bats
  5 giant cockroaches
  11 goblins
  10 hobgoblins
  13 jackals
  23 kobolds
  5 quokkas
  12 frilled lizards
  A leopard gecko skeleton (D:4)
  A quokka skeleton (D:7)
  6 rats
  A plant (Sewer)
347 creatures vanquished.

Vanquished Creatures (collateral kills)
  3 merfolk sirens (Lair:2)
  A spiny frog (Lair:3)
  2 blink frogs (Lair:3)
  A basilisk (Lair:3)
  2 iguanas (Lair:3)
9 creatures vanquished.

Vanquished Creatures (others)
  A plant (Lair:2)
1 creature vanquished.

Grand Total: 357 creatures vanquished

Notes
Turn   | Place    | Note
-------+----------+-------------------------------------------
     0 | D:1      | EnegeticOcto the Vampire Berserker began the quest for the
                  | Orb.
     0 | D:1      | Reached XP level 1. HP: 17/17 MP: 1/1
   111 | D:1      | Reached XP level 2. HP: 20/23 MP: 2/2
   656 | D:2      | Identified the +2 helmet of the Maze {rPois}
   656 | D:2      | Noticed Robin
   792 | D:2      | Reached ** piety under Trog
   798 | D:2      | Reached XP level 3. HP: 13/29 MP: 3/3
   804 | D:2      | Killed Robin
   804 | D:2      | Reached skill level 4 in Long Blades
   998 | D:2      | Reached XP level 4. HP: 23/35 MP: 4/4
  1923 | D:3      | Reached skill level 5 in Long Blades
  1951 | D:3      | Reached XP level 5. HP: 42/42 MP: 5/5
  2039 | D:3      | Found a glowing silver altar of Zin.
  2061 | D:3      | Found a blossoming altar of Fedhas.
  2415 | D:4      | Reached *** piety under Trog
  2502 | D:4      | Reached XP level 6. HP: 39/48 MP: 6/6
  2542 | D:4      | Reached skill level 6 in Long Blades
  2640 | D:4      | Found a white marble altar of Elyvilon.
  2641 | D:4      | Found an opulent altar of Gozag.
  2934 | D:5      | Entered Level 5 of the Dungeon
  2984 | D:5      | Reached XP level 7. HP: 34/55 MP: 7/7
  3067 | D:5      | Found Laxzyoth's Assorted Antiques.
  3070 | D:5      | Bought a scroll labeled KUANIU UNIEM for 28 gold pieces
  3155 | D:5      | Reached skill level 5 in Fighting
  3155 | D:5      | Reached skill level 7 in Long Blades
  3419 | D:5      | Noticed Grinder
  3432 | D:5      | Reached skill level 8 in Long Blades
  3440 | D:5      | Killed Grinder
  3440 | D:5      | Reached XP level 8. HP: 51/64 MP: 8/8
  3493 | D:5      | Reached **** piety under Trog
  3628 | D:5      | Reached skill level 9 in Long Blades
  4006 | D:6      | Found a glowing drain.
  4030 | Sewer    | Entered a sewer
  4430 | D:6      | Found an ancient bone altar of Kikubaaqudgha.
  4538 | D:6      | Found a hazy altar of Hepliaklqana.
  4539 | D:6      | Found a sparkling altar of Nemelex Xobeh.
  4539 | D:6      | Found a basalt altar of Yredelemnul.
  4857 | D:6      | Found a staircase to the Ecumenical Temple.
  5173 | D:7      | Noticed a hippogriff
  5195 | D:7      | Killed a hippogriff
  5195 | D:7      | Reached skill level 10 in Long Blades
  5199 | D:7      | Reached ***** piety under Trog
  5214 | D:7      | Reached XP level 9. HP: 50/71 MP: 9/9
  5457 | D:7      | Noticed a gargoyle
  5483 | D:7      | Killed a gargoyle
  5526 | D:7      | Found a sacrificial altar of Ru.
  6401 | D:8      | Noticed Pikel
  6422 | D:8      | Killed Pikel
  6422 | D:8      | Reached skill level 11 in Long Blades
  6632 | D:8      | Found a shimmering altar of Xom.
  6633 | D:8      | Found a shimmering altar of Xom.
  6634 | D:8      | Found a shimmering altar of Xom.
  6636 | D:8      | Found a shimmering altar of Xom.
  6637 | D:8      | Found a shimmering altar of Xom.
  6639 | D:8      | Found a shimmering altar of Xom.
  6751 | D:8      | Noticed Prince Ribbit
  7020 | D:8      | Reached XP level 10. HP: 58/80 MP: 10/10
  7201 | D:8      | Killed Prince Ribbit
  7434 | D:8      | Found a snail-covered altar of Cheibriados.
  7438 | D:8      | Noticed Psyche
  7441 | D:8      | Noticed Psyche
  7441 | D:8      | Psyche changed into Psyche the centaur
  7447 | D:8      | Killed Psyche the centaur
  7743 | D:9      | Noticed a two-headed ogre
  7769 | D:9      | Killed a two-headed ogre
  7927 | D:9      | Noticed Gastronok
  7957 | D:9      | Killed Gastronok
  7957 | D:9      | Reached skill level 12 in Long Blades
  7957 | D:9      | Reached skill level 5 in Dodging
  7996 | D:9      | Found a shattered altar of Ashenzari.
  8204 | D:10     | Entered Level 10 of the Dungeon
  8216 | D:10     | Received a gift from Trog
  8225 | D:10     | Reached XP level 11. HP: 78/87 MP: 11/11
  8600 | D:10     | Found a staircase to the Orcish Mines.
  8910 | D:10     | Found a staircase to the Lair.
  8941 | D:10     | Noticed an unseen horror
  8963 | D:10     | Killed an unseen horror
  8963 | D:10     | Reached skill level 13 in Long Blades
  8963 | D:10     | Reached skill level 5 in Armour
  9128 | D:11     | Noticed Erica
  9134 | D:11     | Killed Erica
  9157 | Lair:1   | Entered Level 1 of the Lair of Beasts
  9679 | Lair:1   | Reached ****** piety under Trog
  9679 | Lair:1   | Received a gift from Trog
 10422 | Lair:2   | Noticed a seven-headed hydra
 10441 | Lair:2   | Killed a one-headed hydra
 10897 | Lair:2   | Found a staircase to the Shoals.
 10907 | Lair:2   | Reached XP level 12. HP: 58/96 MP: 12/12
 11199 | Lair:3   | Reached skill level 1 in Throwing
 11203 | Lair:3   | Reached skill level 14 in Long Blades
 11212 | Lair:2   | HP: 3/97 [porcupine (5)]
 11213 | Lair:2   | Slain by a yak

Vault maps used:
D:1:      scummos_arrival_simple_crosswalls, eino_curves_02
D:2:      uniq_robin
D:3:      wander_river, fedhas_ov_isle_minmay, lemuel_doored_altar,
          minmay_stone_trees_medium, serial_bayou_lake_a
D:4:      chequers_temple_overflow_statue_of_worship, first_ration,
          hangedman_decor_riveting
D:5:      serial_shops, kennysheep_mini_moat, serial_park_tiny_2, uniq_grinder
D:6:      grunt_temple_overflow_open, minmay_temple_entry_antechambers,
          cheibrodos_sewer_entry_sluice, basic_altar, minmay_misc_feat_columns
D:7:      nicolae_ru_awakened_eye
D:8:      kennysheep_mini, xom_redecorated, grunt_decor_cap,
          uniq_prince_ribbit1, uniq_psyche, uniq_pikel
D:9:      grunt_ogre_cave, ashenzari_altar_1, uniq_gastronok
D:10:     lair_entry_dummy, hiddenorc1_lemuel, minmay_orc_keep
D:11:     serial_shops, shop, uniq_nergalle, uniq_erica
Lair:1:   lemuel_fruit_fields
Lair:2:   elwin_shoals_entry_stream
Lair:3:   beast_lair_carwin_large_1, minmay_snake_entry_guardpost_medium,
          minivault_24, bobbens_dragon_lair_wall, lemuel_fruit_tree
Sewer:    sewer_co_scattered_pipes

Skill      XL: |  1  2  3  4  5  6  7  8  9 10 11 12 |
---------------+-------------------------------------+-----
Fighting       | 3 4 5 6 7 8 9 |  9.7
Long Blades    | 4 5 6 8 10 11 12 13 14 | 14.0
Armour         | 3 4 5 6 |  6.1
Dodging        | 4 6 7 8 |  8.1
Throwing       | 1 |  1.3

Action                   |  1- 3 |  4- 6 |  7- 9 | 10-12 || total
-------------------------+-------+-------+-------+-------++-------
Melee: Falchion          |    70 |       |    77 |       ||   147
       Bite              |    13 |    36 |    79 |    79 ||   207
       Dagger            |    27 |   235 |   484 |    18 ||   764
       Great sword       |       |       |    20 |   130 ||   150
       Scimitar          |       |       |       |   335 ||   335
Throw: Tomahawk          |       |     4 |     1 |     1 ||     6
Invok: Berserk           |       |       |     1 |     5 ||     6
       Trog's Hand       |       |       |       |     4 ||     4
       Brothers in Arms  |       |       |       |     3 ||     3
Evoke: Wand              |       |       |     5 |     7 ||    12
  Use: Scroll            |       |    12 |     4 |     7 ||    23
       Potion            |       |       |     4 |     5 ||     9
  Eat: Corpse            |    10 |     6 |    16 |    20 ||    52
Armor: Animal skin       |    19 |       |       |       ||    19
       Plate armour      |       |   141 |   342 |   352 ||   835
Dodge: Dodged            |    47 |    45 |   106 |   214 ||   412
       Rpst.: Falchion   |    12 |       |       |       ||    12
       Great sword       |       |       |     1 |    17 ||    18
       Scimitar          |       |       |       |    35 ||    35

Table legend:
 A = Non-vault XP
 B = Vault XP
 C = Vault XP percentage of total XP
 D = Non-vault monster count
 E = Vault monster count
 F = Vault count percentage of total count
                 A         B        C        D         E       F
            +---------+---------+-------+---------+---------+-------
      Total |   17308 |    7479 |  30.2 |     279 |      76 |  21.4
            +---------+---------+-------+---------+---------+-------
        D:1 |      24 |       5 |  17.2 |      15 |       4 |  21.1
        D:2 |      51 |      25 |  32.9 |      15 |       7 |  31.8
        D:3 |     116 |       0 |   0.0 |      31 |       0 |   0.0
        D:4 |     435 |       0 |   0.0 |      20 |       0 |   0.0
        D:5 |    1034 |     281 |  21.4 |      27 |       1 |   3.6
        D:6 |     397 |      30 |   7.0 |      11 |       4 |  26.7
        D:7 |    1570 |       0 |   0.0 |      39 |       0 |   0.0
        D:8 |     946 |    1020 |  51.9 |      14 |       3 |  17.6
        D:9 |    2286 |    2588 |  53.1 |      29 |       2 |   6.5
       D:10 |    3130 |     519 |  14.2 |      40 |      26 |  39.4
       D:11 |      13 |     918 |  98.6 |       1 |       1 |  50.0
     Lair:1 |    2556 |       0 |   0.0 |      16 |       0 |   0.0
     Lair:2 |    3567 |    1100 |  23.6 |      15 |       4 |  21.1
     Lair:3 |    1183 |     930 |  44.0 |       6 |       5 |  45.5
      Sewer |       0 |      63 | 100.0 |       0 |      19 | 100.0
            +---------+---------+-------+---------+---------+-------
